SNL (28 & UNDER)
WICHITA WRANGLERS @ BLACKIRON DRAGONS
08/21/2029
 
TOP OF THE 1ST
Wichita Wranglers batting - Pitching for BlackIron Dragons : RHP Juan Carlos Guerrero
Pitching: RHP Juan Carlos Guerrero
Batting: LHB Dudley Cooper 0-0: Called Strike
0-1: Foul Ball, location: 2F
0-2: Ground out 4-3 (Groundball, 4)
Batting: SHB Juan Glaviz 0-0: Called Strike
0-1: Ball
1-1: Foul Ball, location: 2F
1-2: Ball
2-2: Ball
3-2: Base on Balls
Batting: RHB Stan Taylor 0-0: Ball
1-0: DOUBLE (Flyball, 89XD)
Juan Glaviz to third
Runner from 3rd tries for Home, SAFE, no throw
Batting: LHB John Lynch 0-0: Ball
1-0: Swinging Strike
1-1: Foul Ball, location: 2F
1-2: Strikes out swinging
Batting: RHB Ricardo Velásquez 0-0: Called Strike
0-1: Ball
Wild Pitch!
Stan Taylor to third
1-1: Foul Ball, location: 2F
1-2: Fly out, F9 (Line Drive, 89S)
Top of the 1st over - 1 run, 1 hit, 0 errors, 1 left on base; Wichita 1 - BlackIron 0
BOTTOM OF THE 1ST
BlackIron Dragons batting - Pitching for Wichita Wranglers : RHP António Cruz
Pitching: RHP António Cruz
Batting: LHB Miguel García 0-0: Called Strike
0-1: Ball
1-1: Fly out, F7 (Flyball, 7D)
Batting: RHB Jimmy King 0-0: Fly out, F8 (Flyball, 8RD)
Batting: SHB Félix Montoya 0-0: Swinging Strike
0-1: Ball
1-1: Foul Ball, location: 2F
1-2: Strikes out swinging
Bottom of the 1st over - 0 runs, 0 hits, 0 errors, 0 left on base; Wichita 1 - BlackIron 0
TOP OF THE 2ND
Wichita Wranglers batting - Pitching for BlackIron Dragons : RHP Juan Carlos Guerrero
Batting: LHB Glenn Williamson 0-0: Ball
1-0: Ball
2-0: Ground out 5-3 (Groundball, 56S)
Batting: RHB Hubert MacDonald 0-0: Called Strike
0-1: Ball
1-1: Foul Ball, location: 2F
1-2: Ball
2-2: Foul Ball, location: 2F
2-2: Ball
3-2: Fly out, F8 (Line Drive, 8LM)
Batting: RHB Julián Espinoza 0-0: Ball
1-0: Ground out 5-3 (Groundball, 56S)
Top of the 2nd over - 0 runs, 0 hits, 0 errors, 0 left on base; Wichita 1 - BlackIron 0
BOTTOM OF THE 2ND
BlackIron Dragons batting - Pitching for Wichita Wranglers : RHP António Cruz
Batting: RHB Doug O'Brien 0-0: Called Strike
0-1: Ball
1-1: Fly out, F3 (Popup, 3)
Batting: RHB Roderick Silva 0-0: Ball
1-0: SINGLE (Groundball, 6MD)
Batting: LHB Miguel Barrón Balk!
Roderick Silva to second
0-0: Ball
1-0: Ball
2-0: Ball
3-0: Called Strike
3-1: Base on Balls
Batting: RHB Bernardo Corona 0-0: SINGLE (Groundball, 6MD)
Roderick Silva to third
Miguel Barrón to second
Runner from 3rd tries for Home, SAFE, no throw
Batting: RHB Randall Walker 0-0: Fly out, F7 (Flyball, 78S)
Batting: RHB George Arnold 0-0: Ball
1-0: Ball
2-0: Foul Ball, location: 2F
2-1: Fielders Choice at 2nd, 5-4 (Groundball, 56)
Bottom of the 2nd over - 1 run, 2 hits, 0 errors, 2 left on base; Wichita 1 - BlackIron 1
TOP OF THE 3RD
Wichita Wranglers batting - Pitching for BlackIron Dragons : RHP Juan Carlos Guerrero
Batting: SHB Lewis Woods 0-0: Swinging Strike
0-1: Ball
1-1: SINGLE (Groundball, 6D)
Batting: LHB Dudley Cooper 0-0: Ball
1-0: DOUBLE (Line Drive, 89D)
Lewis Woods to third
Lewis Woods scores
Batting: SHB Juan Glaviz 0-0: Foul Ball, location: 2F
0-1: Ball
1-1: Ground out 6-3 (Groundball, 6M)
Dudley Cooper to third
Batting: RHB Stan Taylor 0-0: Ball
1-0: Foul Ball, location: 2F
1-1: Ground out 5-3 (Groundball, 56)
Dudley Cooper scores
Batting: LHB John Lynch 0-0: Ball
1-0: Ball
2-0: Foul Ball, location: 2F
2-1: Foul Ball, location: 2F
2-2: Ball
3-2: Foul Ball, location: 2F
3-2: Base on Balls
Batting: RHB Ricardo Velásquez 0-0: Called Strike
0-1: Called Strike
0-2: Ball
John Lynch steals 2nd base
1-2: Fly out, F8 (Flyball, 8RD)
Top of the 3rd over - 2 runs, 2 hits, 0 errors, 1 left on base; Wichita 3 - BlackIron 1
BOTTOM OF THE 3RD
BlackIron Dragons batting - Pitching for Wichita Wranglers : RHP António Cruz
Batting: LHB Miguel García 0-0: DOUBLE (Line Drive, 89D)
Batting: RHB Jimmy King 0-0: Ball
1-0: Ball
2-0: Foul Ball, location: 2F
2-1: Ball
3-1: Foul Ball, location: 2F
3-2: 2-RUN HOME RUN (Flyball, 7LD), Distance : 396 ft
Batting: SHB Félix Montoya 0-0: Ball
1-0: Called Strike
1-1: Fly out, F3 (Popup, 23F)
Batting: RHB Doug O'Brien 0-0: Ground out 6-3 (Groundball, 6)
Batting: RHB Roderick Silva 0-0: Ball
1-0: Ball
2-0: Ball
3-0: Base on Balls
Batting: LHB Miguel Barrón 0-0: Ball
1-0: SINGLE (Line Drive, 56)
Roderick Silva to second
Batting: RHB Bernardo Corona 0-0: Called Strike
0-1: Foul Ball, location: 2F
0-2: Single, Error in OF, E8, batter to second base
Roderick Silva scores
Miguel Barrón to third
Batting: RHB Randall Walker 0-0: Called Strike
0-1: Called Strike
0-2: Strikes out swinging
Bottom of the 3rd over - 3 runs, 4 hits, 1 error, 2 left on base; Wichita 3 - BlackIron 4
TOP OF THE 4TH
Wichita Wranglers batting - Pitching for BlackIron Dragons : RHP Juan Carlos Guerrero
Batting: LHB Glenn Williamson 0-0: Ball
1-0: Called Strike
1-1: Ball
2-1: Ground out 3-1 (Groundball, 34S)
Batting: RHB Hubert MacDonald 0-0: Called Strike
0-1: Ground out 3-1 (Groundball, 34)
Batting: RHB Julián Espinoza 0-0: Called Strike
0-1: Called Strike
0-2: Hit by Pitch
Batting: SHB Lewis Woods 0-0: Ball
1-0: Called Strike
Julián Espinoza steals 2nd base
1-1: Ball
2-1: Foul Ball, location: 2F
2-2: Ball
3-2: SINGLE (Popup, 34D)
Julián Espinoza to third
Julián Espinoza scores
Pitching: LHP Desi Wells
Batting: LHB Dudley Cooper 0-0: Ball
1-0: Called Strike
1-1: Ball
2-1: Ball
3-1: Base on Balls
Lewis Woods to second
Batting: SHB Juan Glaviz 0-0: Called Strike
0-1: Ball
1-1: Ball
2-1: Ball
3-1: Swinging Strike
3-2: Foul Ball, location: 2F
3-2: Foul Ball, location: 2F
3-2: Strikes out looking
Top of the 4th over - 1 run, 1 hit, 0 errors, 2 left on base; Wichita 4 - BlackIron 4
BOTTOM OF THE 4TH
BlackIron Dragons batting - Pitching for Wichita Wranglers : RHP António Cruz
Batting: RHB George Arnold 0-0: Called Strike
0-1: Foul Ball, location: 2F
0-2: Strikes out swinging
Batting: LHB Miguel García 0-0: Called Strike
0-1: Swinging Strike
0-2: Foul Ball, location: 2F
0-2: Foul Ball, location: 2F
0-2: Ball
1-2: Foul Ball, location: 2F
1-2: Ball
2-2: Fly out, F8 (Flyball, 78M)
Batting: RHB Jimmy King 0-0: SINGLE (Flyball, 8LM) - OUT at second base trying to stretch hit.
Bottom of the 4th over - 0 runs, 1 hit, 0 errors, 0 left on base; Wichita 4 - BlackIron 4
TOP OF THE 5TH
Wichita Wranglers batting - Pitching for BlackIron Dragons : LHP Desi Wells
Batting: RHB Stan Taylor 0-0: Called Strike
0-1: Foul Ball, location: 2F
0-2: Ball
1-2: Strikes out swinging
Batting: LHB John Lynch 0-0: Called Strike
0-1: Called Strike
0-2: Ball
1-2: Strikes out looking
Batting: RHB Ricardo Velásquez 0-0: Ground out 5-3 (Groundball, 56S)
Top of the 5th over - 0 runs, 0 hits, 0 errors, 0 left on base; Wichita 4 - BlackIron 4
BOTTOM OF THE 5TH
BlackIron Dragons batting - Pitching for Wichita Wranglers : RHP António Cruz
Batting: SHB Félix Montoya 0-0: Called Strike
0-1: Foul Ball, location: 2F
0-2: Ball
1-2: Strikes out swinging
Batting: RHB Doug O'Brien 0-0: Called Strike
0-1: Called Strike
0-2: Ball
1-2: SOLO HOME RUN (Flyball, 78XD), Distance : 419 ft
Batting: RHB Roderick Silva 0-0: Called Strike
0-1: Called Strike
0-2: Ball
1-2: Ground out 3-1 (Groundball, 34)
Batting: LHB Miguel Barrón 0-0: Ground out 6-3 (Groundball, 56)
Bottom of the 5th over - 1 run, 1 hit, 0 errors, 0 left on base; Wichita 4 - BlackIron 5
TOP OF THE 6TH
Wichita Wranglers batting - Pitching for BlackIron Dragons : LHP Desi Wells
Batting: LHB Glenn Williamson 0-0: Called Strike
0-1: Foul Ball, location: 2F
0-2: Ball
1-2: Foul Ball, location: 2F
1-2: SINGLE (Flyball, 7S)
Batting: RHB Hubert MacDonald 0-0: Foul Ball, location: 2F
0-1: Called Strike
0-2: Strikes out looking
Batting: RHB Julián Espinoza 0-0: Ball
1-0: Ball
2-0: Ball
3-0: Base on Balls
Glenn Williamson to second
Batting: SHB Lewis Woods 0-0: Called Strike
0-1: Ball
1-1: Called Strike
1-2: Foul Ball, location: 2F
1-2: Foul Ball, location: 2F
1-2: Ball
2-2: Foul Ball, location: 2F
2-2: Grounds into double play, 6-4-3 (Groundball, 56)
Top of the 6th over - 0 runs, 1 hit, 0 errors, 1 left on base; Wichita 4 - BlackIron 5
BOTTOM OF THE 6TH
BlackIron Dragons batting - Pitching for Wichita Wranglers : RHP António Cruz
Batting: RHB Bernardo Corona 0-0: Called Strike
0-1: Swinging Strike
0-2: Foul Ball, location: 2F
0-2: Ball
1-2: SINGLE (Groundball, 6MD)
Batting: RHB Randall Walker 0-0: Ball
1-0: Ball
2-0: SINGLE (Line Drive, 78M)
Bernardo Corona to second
Batting: RHB George Arnold 0-0: Ball
1-0: Grounds into double play, 5-4-3 (Groundball, 56)
Bernardo Corona to third
Batting: LHB Miguel García 0-0: Called Strike
0-1: Ball
1-1: Ball
2-1: Ball
3-1: TRIPLE (Flyball, 8LXD)
Bernardo Corona scores
Batting: RHB Jimmy King 0-0: Ground out 3-1 (Groundball, 34)
Bottom of the 6th over - 1 run, 3 hits, 0 errors, 1 left on base; Wichita 4 - BlackIron 6
TOP OF THE 7TH
Wichita Wranglers batting - Pitching for BlackIron Dragons : LHP Desi Wells
Pitching: LHP Nick Walters
Batting: LHB Dudley Cooper 0-0: Ball
1-0: Swinging Strike
1-1: Swinging Strike
1-2: Strikes out swinging
Batting: SHB Juan Glaviz 0-0: Foul Ball, location: 2F
0-1: Ball
1-1: Fly out, F7 (Flyball, 7S)
Batting: RHB Stan Taylor 0-0: Ball
1-0: Foul Ball, location: 2F
1-1: Swinging Strike
1-2: Foul Ball, location: 2F
1-2: Ball
2-2: Ball
3-2: SINGLE (Line Drive, 9S)
Batting: LHB John Lynch 0-0: Ball
1-0: Called Strike
Stan Taylor steals 2nd base
1-1: Swinging Strike
1-2: Ground out 6-3 (Groundball, 6)
Top of the 7th over - 0 runs, 1 hit, 0 errors, 1 left on base; Wichita 4 - BlackIron 6
BOTTOM OF THE 7TH
BlackIron Dragons batting - Pitching for Wichita Wranglers : RHP António Cruz
Pitching: RHP Héctor Bernard
Batting: SHB Félix Montoya 0-0: Ball
1-0: SINGLE (Flyball, 8LS)
Batting: RHB Doug O'Brien 0-0: Ball
Félix Montoya steals 2nd base
1-0: Ball
2-0: Ball
3-0: Base on Balls
Pinch Hitting: LHB José Martínez 0-0: Ball
1-0: Ball
2-0: Called Strike
2-1: Ball
3-1: Base on Balls
Félix Montoya to third
Doug O'Brien to second
Pinch Hitting: RHB Brady McIntyre 0-0: Foul Ball, location: 2F
0-1: Called Strike
0-2: Ball
1-2: Ball
Wild Pitch!
Félix Montoya scores
Doug O'Brien to third
José Martínez to second
2-2: Ball
3-2: Intentional Walk
Pinch Hitting: LHB Giovannino Arduino 0-0: Ball
1-0: Called Strike
1-1: Called Strike
1-2: Grounds into fielders choice 6-2 (Groundball, 6)
José Martínez to third
Brady McIntyre to second
Pinch Hitting: RHB Vernon Sterling 0-0: Ball
1-0: Called Strike
1-1: Ball
2-1: SINGLE (Groundball, 56D)
José Martínez scores
Brady McIntyre to third
Giovannino Arduino to second
Runner from 3rd tries for Home, SAFE, no throw
Batting: RHB George Arnold 0-0: Ball
1-0: Called Strike
1-1: Foul Ball, location: 2F
1-2: Ball
2-2: Grounds into double play, 6-4-3 (Groundball, 6)
Bottom of the 7th over - 3 runs, 2 hits, 0 errors, 1 left on base; Wichita 4 - BlackIron 9
TOP OF THE 8TH
Wichita Wranglers batting - Pitching for BlackIron Dragons : LHP Nick Walters
Now at 1B: Vernon Sterling
Now at 3B: Joaquín Valenzuela
Now in LF: Jeff Stevenson
Now in CF: Giovannino Arduino
Batting: RHB Ricardo Velásquez 0-0: Ball
1-0: Ball
2-0: Ball
3-0: Called Strike
3-1: Base on Balls
Batting: LHB Glenn Williamson 0-0: Ball
1-0: Ball
2-0: Called Strike
2-1: Swinging Strike
2-2: DOUBLE (Groundball, 5L)
Ricardo Velásquez to third
Runner from 3rd tries for Home, SAFE, no throw
Batting: RHB Hubert MacDonald 0-0: Foul Ball, location: 2F
0-1: Foul Ball, location: 2F
0-2: Foul Ball, location: 2F
0-2: Ball
1-2: Foul Ball, location: 2F
1-2: Ball
2-2: Strikes out swinging
Batting: RHB Julián Espinoza 0-0: SINGLE (Line Drive, 34)
Glenn Williamson to third
Runner from 3rd tries for Home, SAFE, no throw
Batting: SHB Lewis Woods 0-0: Swinging Strike
0-1: Foul Ball, location: 2F
0-2: SINGLE (Groundball, 34D)
Julián Espinoza to second
Runner from 2nd tries for 3rd, SAFE, throw made to third
Lewis Woods to second
Batting: LHB Dudley Cooper 0-0: Foul Ball, location: 2F
0-1: Ball
1-1: Fly out, F9 (Flyball, 9LMF)
Runner from 3rd tags up, SCORES, no throw
Pitching: RHP José Moreno
Batting: SHB Juan Glaviz 0-0: Called Strike
0-1: Ball
1-1: Ground out 6-3 (Groundball, 6)
Top of the 8th over - 3 runs, 3 hits, 0 errors, 1 left on base; Wichita 7 - BlackIron 9
BOTTOM OF THE 8TH
BlackIron Dragons batting - Pitching for Wichita Wranglers : RHP Héctor Bernard
Pitching: RHP John Brock
Batting: LHB Miguel García 0-0: Ball
1-0: Ball
2-0: Called Strike
2-1: Called Strike
2-2: DOUBLE (Groundball, 3L)
Batting: RHB Jimmy King 0-0: Called Strike
0-1: SINGLE (Line Drive, 8LS)
Miguel García to third
Batting: SHB Félix Montoya 0-0: Ball
1-0: Ball
Jimmy King steals 2nd base
2-0: Intentional Walk
Batting: RHB Doug O'Brien 0-0: Foul Ball, location: 2F
0-1: Foul Ball, location: 2F
0-2: Ball
1-2: SINGLE (Groundball, 56D)
Miguel García scores
Jimmy King to third
Félix Montoya to second
Runner from 3rd tries for Home, SAFE, no throw
Pitching: RHP Josse Teves
Batting: RHB Joaquín Valenzuela 0-0: Called Strike
0-1: Foul Ball, location: 2F
0-2: Foul Ball, location: 2F
0-2: Ball
1-2: Ball
2-2: Ball
3-2: Fielders Choice at 2nd, 1-6 (Groundball, 13)
Félix Montoya to third
Batting: RHB Jeff Stevenson 0-0: Ball
Joaquín Valenzuela is caught stealing 2nd base
1-0: Ball
2-0: Called Strike
2-1: SINGLE (Flyball, 4D)
Félix Montoya scores
Batting: LHB Giovannino Arduino 0-0: Ball
1-0: Ball
2-0: Ball
3-0: Called Strike
3-1: Base on Balls
Jeff Stevenson to second
Batting: RHB Vernon Sterling 0-0: Ball
1-0: Ball
2-0: Ball
3-0: Called Strike
3-1: Foul Ball, location: 2F
3-2: Fly out, F5 (Line Drive, 6)
Bottom of the 8th over - 3 runs, 4 hits, 0 errors, 2 left on base; Wichita 7 - BlackIron 12
TOP OF THE 9TH
Wichita Wranglers batting - Pitching for BlackIron Dragons : RHP José Moreno
Now in RF: Jesús Castillo
Batting: RHB Stan Taylor 0-0: Ground out 6-3 (Groundball, 6)
Batting: LHB John Lynch 0-0: Ground out 6-3 (Groundball, 6)
Batting: RHB Ricardo Velásquez 0-0: Called Strike
0-1: SINGLE (Groundball, 25) (infield hit)
Batting: LHB Glenn Williamson 0-0: Foul Ball, location: 2F
0-1: Called Strike
0-2: Strikes out swinging
Top of the 9th over - 0 runs, 1 hit, 0 errors, 1 left on base; Wichita 7 - BlackIron 12
Saturday, December 16th, 2017 - OOTP Baseball 18.8 Build 76